 Dungeon Crawl Stone Soup version 0.26-a0-651-gb41185065b (webtiles) character file.

Game seed: 17407232732052860127

79 marklar909 the Gusty (level 4, 0/25 HPs)
             Began as a Tengu Air Elementalist on Sept 29, 2020.
             Slain by a gnoll
             ... wielding a +0 spear
              (3 damage)
             ... on level 2 of the Dungeon.
             The game lasted 00:02:30 (2282 turns).

marklar909 the Gusty (Tengu Air Elementalist)       Turns: 2282, Time: 00:02:31

Health: 0/25       AC:  2    Str:  8    XL:     4   Next: 38%
Magic:  1/8        EV: 13    Int: 17    God:
Gold:   55         SH:  0    Dex: 14    Spells: 6/7 levels left

rFire    . . .     SeeInvis .   (no weapon)
rCold    . . .     Faith    .   (no shield)
rNeg     . . .     Spirit   .   a - +0 robe
rPois    .         Reflect  .   (helmet restricted)
rElec    .         Harm     .   (no cloak)
rCorr    .         Rampage  .   (no gloves)
MR       .....                  (boots unavailable)
Stlth    ++........             (no amulet)
HPRegen  0.08/turn              (no ring)
MPRegen  0.11/turn              (no ring)

@: no status effects
A: beak, talons 3
a: no special abilities


You were on level 2 of the Dungeon.
You visited 1 branch of the dungeon, and saw 2 of its levels.

You collected 55 gold pieces.

Inventory:

Armour
 a - a +0 robe (worn)
Scrolls
 b - 4 scrolls of teleportation {unknown}
 d - 2 scrolls of fear {unknown}
 e - a scroll of remove curse {unknown}
 f - 2 scrolls of identify {unknown}
 g - a scroll of enchant armour {unknown}
 j - a scroll of magic mapping {unknown}
Potions
 c - a potion of curing {unknown}
 h - a potion of might {unknown}
 i - 2 potions of mutation {unknown}


   Skills:
 * Level 1.0 Fighting
 * Level 3.1 Dodging
 - Level 2.0 Stealth
 + Level 2.3 Spellcasting
 + Level 2.2 Conjurations
 * Level 5.2 Air Magic


You had 6 spell levels left.
You knew the following spells:

 Your Spells              Type           Power        Failure   Level
a - Shock                 Conj/Air       ##..         4%          1

Your spell library contained the following spells:

 Spells                   Type           Power        Failure   Level
 Swiftness                Air            ###.....     3%          2
 Static Discharge         Conj/Air       ##......     12%         3
 Airstrike                Air            ###.......   22%         4
 Lightning Bolt           Conj/Air       ##........   75%         5


Dungeon Overview and Level Annotations

Branches:
Dungeon (2/15)

Altars:
Nemelex Xobeh


Innate Abilities, Weirdness & Mutations

You have a beak for a mouth.
You have claws for feet.


Message History

Press: ? - help, Shift-Dir - straight line, f/p - gnoll
Aim: a gnoll, wielding a +0 spear (severely wounded)
The zap hits the gnoll.
The gnoll is almost dead.
The gnoll hits you from afar with a +0 spear.
Casting: Shock (safe; 4% risk of failure)
Confirm with . or Enter, or press ? or * to list all spells.
You don't have enough magic to cast that spell.
Unknown command.
Unknown command.
You tear a large gash into the net.
The gnoll hits you with a +0 whip.
The gnoll hits you from afar with a +0 spear.
You struggle against the net.
The gnoll hits you from afar with a +0 spear!
* * * LOW HITPOINT WARNING * * *
The gnoll barely misses you.
Unknown command.
You rip the net and break free!
The gnoll hits you from afar with a +0 spear.
You die...

§§○☼#...###☼####
○○§§#.#.##☼☼§###
°○☼§#...#.○.§.##
§.§§#...##☼§.###
.○§§#...###§####
#####...################
......_.......##..g)....
#####...########g.†.....
§§§##...###§####@########
○☼§☼#...##§§.###.#.(....#..
§§○☼#...#°§§§.##..........#
§§°.#.#.##§.○#####.#####.##
°○§##...###☼####...#
#####...#########..#
#####'''##### #..#
...)....# #..# .####..##
#..#


You could see 2 gnolls.

Vanquished Creatures
  A gnoll (D:2)
  3 worms (D:2)
  4 dart slugs (D:1)
  2 leopard geckos (D:1)
  A ball python (D:2)
  3 giant cockroaches
  9 goblins
  4 hobgoblins
  6 jackals (D:1)
  7 bats
  2 kobolds (D:1)
  7 rats
49 creatures vanquished.

Notes
Turn   | Place    | Note
-------+----------+-------------------------------------------
     0 | D:1      | marklar909 the Tengu Air Elementalist began the quest for
                  | the Orb.
     0 | D:1      | Reached XP level 1. HP: 10/10 MP: 4/4
   250 | D:1      | Reached XP level 2. HP: 14/16 MP: 0/6
   837 | D:1      | Reached XP level 3. HP: 15/20 MP: 2/7
  1582 | D:2      | Found a sparkling altar of Nemelex Xobeh.
  1931 | D:2      | Reached skill level 5 in Air Magic
  1931 | D:2      | Reached XP level 4. HP: 20/24 MP: 0/8
  2275 | D:2      | Reached skill level 1 in Fighting
  2282 | D:2      | Slain by a gnoll

Illustrated notes

Levels and vault maps discovered:
D:1:      dpeg_arrival_round_b, layout_rooms, serial_rivers,
          chequers_serial_rivers_large_b, chequers_serial_rivers_marsh,
          chequers_serial_rivers_large_a, chequers_serial_rivers_small_a,
          minmay_octomino_j4
D:2:      cheibrodos_greedy_goblins, layout_basic, nemelex_altar_shiori

Skill      XL: |  1  2  3  4 |
---------------+-------------+-----
Dodging        | 3 |  3.1
Conjurations   | 2 |  2.2
Air Magic      | 5 |  5.2
Fighting       | 1 |  1.0
Stealth        | |  2.0
Spellcasting   | |  2.3

Action                   |  1- 3 |  4- 6 || total
-------------------------+-------+-------++-------
Melee: Unarmed           |    15 |       ||    15
       Kick              |     7 |       ||     7
       Peck              |     3 |       ||     3
 Cast: Shock             |    88 |    29 ||   117
Armor: Robe              |     7 |       ||     7
Dodge: Dodged            |    33 |     1 ||    34

Table legend: (Time is in decaauts)
 A = Elapsed time spent in this place.
 B = Non-inter-level travel time spent in this place.
 C = Inter-level travel time spent in this place.
 D = Time resting spent in this place.
 E = Time spent auto-exploring this place.
 F = Levels seen in this place.
 G = Mean time per level.
                   A        B        C        D        E       F      G
               +--------+--------+--------+--------+--------+-----+--------+
         Total |   2323 |   2300 |     23 |    264 |   1758 |   2 | 1161.5 |
       Dungeon |   2323 |   2300 |     23 |    264 |   1758 |   2 | 1161.5 |
               +--------+--------+--------+--------+--------+-----+--------+

Top non-repeatable levels by time:
     D:1: 1496 daAuts
     D:2: 826 daAuts
